AoeStats
← josiahkane

Golden Pit

509207074Analyzed
1v1 RM · 8d ago on Sep 25, 2026· 46m 7s· 2 players
Game mode
Random Map
Map size
Tiny (2 player)
Population
200
Speed
Normal
Resources
Standard
Victory
Conquest
Starting age
Dark Age
Ending age
Imperial Age
RankedLock teamsTeams togetherTeam positionsShared explorationLock speedFull tech treeHidden civsTurbo modeCheats
Victory
Defeat
🇪🇸 Magyars · Spain
804
+19
🇬🇧 Spanish · United Kingdom
863
-19
kiolen7
3:19 Loom
10:55 Feudal Age
12:24 Double-Bit Axe
15:33 Horse Collar
19:04 Town Watch
19:55 Wheelbarrow
22:42 Castle Age
21:30 Gold Mining
22:20 Bloodlines
22:20 Scale Barding Armor
24:19 Husbandry
23:42 Pikeman
29:50 Corvinian Army
34:18 Chain Barding Armor
39:44 Imperial Age
41:22 Plate Barding Armor
42:43 Conscription
45:22 Bow Saw
josiahkane
10:06 Feudal Age
10:33 Double-Bit Axe
12:47 Loom
19:35 Castle Age
17:46 Horse Collar
19:41 Scale Barding Armor
21:08 Bloodlines
21:45 Forging
23:02 Iron Casting
23:54 Wheelbarrow
27:00 Husbandry
32:12 Imperial Age
31:52 Bow Saw
32:28 Inquisition
34:18 Fletching
35:42 Blast Furnace
35:53 Pikeman
37:50 Ballistics
39:25 Inquisition
42:00 Murder Holes
45:26 Cavalier
Connection lost

Rejoining the realm…

Still unreachable

The connection could not be restored.

Session expired

The server has moved on; the page needs a fresh start.